 Dungeon Crawl Stone Soup version 0.27-a0-1154-gfdeffcb720 (webtiles) character file.

Game seed: 12870916283802644945

40 freelancePsychic the Sneak (level 3, -2/23 HPs)
             Began as a Kobold Delver on May 15, 2021.
             Was an Initiate of Hepliaklqana.
             Slain by a quokka (5 damage)
             ... on level 3 of the Dungeon.
             The game lasted 00:02:53 (1174 turns).

freelancePsychic the Sneak (Kobold Delver)          Turns: 1174, Time: 00:02:54

Health: -2/23      AC:  3    Str:  9    XL:     3   Next: 72%
Magic:  3/3        EV: 14    Int: 11    God:    Hepliaklqana [......]
Gold:   66         SH:  0    Dex: 17    Spells: 2/2 levels left

rFire    . . .     SeeInvis .   a - +0 short sword
rCold    . . .     Faith    .   (shield restricted)
rNeg     . . .     Spirit   .   b - +0 leather armour
rPois    .         Reflect  .   (no helmet)
rElec    .         Harm     .   (no cloak)
rCorr    .         Rampage  .   (no gloves)
Will     .....                  (no boots)
Stlth    ++++......             (no amulet)
HPRegen  0.07/turn              (no ring)
MPRegen  0.08/turn              (no ring)

@: no status effects
A: small, no large weapons, nightstalker 3
a: Renounce Religion


You were on level 3 of the Dungeon.
You worshipped Hepliaklqana.
Hepliaklqana was noncommittal.
You visited 1 branch of the dungeon, and saw 3 of its levels.

You collected 66 gold pieces.

Inventory:

Hand Weapons
 a - a +0 short sword (weapon)
Armour
 b - a +0 leather armour (worn)
Wands
 d - a wand of mindburst (22)
 g - a wand of digging (3)
Scrolls
 c - a scroll of fog
 f - a scroll of teleportation {unknown}
 h - a scroll of noise {unknown}


   Skills:
 - Level 3.5 Fighting
 + Level 3.9 Short Blades
 - Level 2.4 Dodging
 + Level 7.3 Stealth


You had 2 spell levels left.
You didn't know any spells.
Your spell library was empty.

Dungeon Overview and Level Annotations

Branches:
Dungeon (5/15)
 Temple: D:4-7

Altars:
Hepliaklqana


Innate Abilities, Weirdness & Mutations

You are small and have problems with some larger weapons.
You are completely attuned to the shadows.


Message History

The adder is severely wounded.
You feel sick. The adder closely misses you.
As you read the scroll of fear, it crumbles to dust.
You assume a fearsome visage.
The adder looks frightened! x2
The ball python looks frightened!
The quokka looks frightened!
* * * LOW HITPOINT WARNING * * *
You feel sick.
You aren't carrying any potions.
* * * LOW HITPOINT WARNING * * *
You feel sick.
* * * LOW HITPOINT WARNING * * *
You feel sick.
* * * LOW HITPOINT WARNING * * *
You feel sick.
* * * LOW HITPOINT WARNING * * *
You feel sick.
* * * LOW HITPOINT WARNING * * *
You feel sick.
* * * LOW HITPOINT WARNING * * *
You feel sick.
You are no longer poisoned.
The adder closely misses you.
You barely miss the adder.
Your attack snaps the adder out of its fear.
The adder barely misses you.
You barely miss the adder. The adder closely misses you.
The quokka barely misses you.
You aren't carrying any potions.
Unknown command.
As you read the scroll of fear, it crumbles to dust.
You assume a fearsome visage.
The adder looks frightened!
The quokka closely misses you. The quokka misses you.
The quokka seems to regain its courage.
The quokka closely misses you. The quokka closely misses you.
The quokka misses you.
The quokka twitches its whiskers.
The quokka bites you.
You die...

.... .... ##### ##
...^#####...################.
#....'....................
#.####...##....####.......
#.#########.#.............
##.......# #.#....#........
#.....##.###......#.......>
#.........@r......#........
#......#.#######..#........
#>....##.#........###......
..##...#.#.####...###......
#......###....#.# #............
#.........#.###.# #..########..
##........ #.####.....# #..
........########.##.......# #..
S....S...........##.###########(.


You could see a quokka.

Vanquished Creatures
  3 adders
  An orc (D:4)
  A giant cockroach (D:3)
  A goblin (D:3)
  A hobgoblin (D:3)
  2 jackals (D:3)
  2 quokkas (D:3)
  A ball python (D:3)
  A rat (D:3)
13 creatures vanquished.

Notes
Turn   | Place    | Note
-------+----------+-------------------------------------------
     0 | D:5      | freelancePsychic the Kobold Delver began the quest for the
                  | Orb.
     0 | D:5      | Reached XP level 1. HP: 14/14 MP: 1/1
    68 | D:5      | Reached XP level 2. HP: 19/19 MP: 2/2
   504 | D:3      | Reached skill level 7 in Stealth
   504 | D:3      | Reached XP level 3. HP: 14/23 MP: 3/3
  1080 | D:3      | Found a hazy altar of Hepliaklqana.
  1086 | D:3      | Became a worshipper of Hepliaklqana the Forgotten
  1142 | D:3      | HP: 1/23 [poisoned by an adder]
  1174 | D:3      | Slain by a quokka

Illustrated notes

Levels and vault maps discovered:
D:3:      layout_basic, nicolae_hepliaklqana_hazy_memory
D:4:      layout_basic, serial_shops, shop_fountains, shop, minmay_liquid_box,
          corner_web_ring
D:5:      layout_layer_cave, nicolae_overflow_crystal_walls, uniq_blork_the_orc

Skill      XL: |  1  2 |
---------------+-------+-----
Short Blades   | 3 |  3.9
Stealth        | 7 |  7.3
Fighting       | |  3.5
Dodging        | |  2.4

Action                   || total
-------------------------++-------
Melee: Short sword       ||    63
  Use: Scroll            ||     3
       Potion            ||     1
 Stab: Sleeping          ||     6
Armor: Leather armour    ||    12
Dodge: Dodged            ||    44

Table legend: (Time is in decaauts)
 A = Elapsed time spent in this place.
 B = Non-inter-level travel time spent in this place.
 C = Inter-level travel time spent in this place.
 D = Time resting spent in this place.
 E = Time spent auto-exploring this place.
 F = Levels seen in this place.
 G = Mean time per level.
                   A        B        C        D        E       F      G
               +--------+--------+--------+--------+--------+-----+--------+
         Total |   1151 |   1123 |     28 |    146 |    767 |   3 |  383.7 |
       Dungeon |   1151 |   1123 |     28 |    146 |    767 |   3 |  383.7 |
               +--------+--------+--------+--------+--------+-----+--------+

Top non-repeatable levels by time:
     D:3: 764 daAuts
     D:4: 278 daAuts
     D:5: 109 daAuts
